 Dungeon Crawl Stone Soup version 0.30.1-4-g462c640d31 (webtiles) character file.

Game seed: 15434520355355817477

2496 lonewolfV2 the Covered (level 9, -4/55 HPs)
             Began as a Gargoyle Fighter on Aug 22, 2023.
             Was a Believer of Okawaru.
             Killed by divine providence
             ... invoked by an orc priest
              (11 damage)
             ... on level 6 of the Dungeon.
             The game lasted 00:11:57 (5585 turns).

lonewolfV2 the Covered (Gargoyle Fighter)           Turns: 5585, Time: 00:11:59

Health: -4/55      AC: 15    Str: 20    XL:     9   Next: 52%
Magic:  9/9        EV: 11    Int:  4    God:    Okawaru [**....]
Gold:   215        SH:  6    Dex: 17    Spells: 8/8 levels left

rFire   . . .        h - +3 falchion of Somewhere Else {freeze, rC+ Int-5 Dex+4}
rCold   + . .        c - +0 buckler
rNeg    + . .        b - +1 scale mail
rPois   ∞            (no helmet)
rElec   +            (no cloak)
rCorr   .            (no gloves)
SInv    .            (no boots)
Will    +....        (no amulet) Stlth
                     i - ring of willpower
HPRegen 0.29/turn    (no ring)
MPRegen 0.11/turn

%: no passive effects
@: no status effects
A: sickness immunity, AC +6, negative energy resistance 1, electricity
resistance, torment resistance 1, petrification resistance
a: Renounce Religion, Heroism


You were on level 6 of the Dungeon.
You worshipped Okawaru.
Okawaru was pleased with you.
You visited 2 branches of the dungeon, and saw 7 of its levels.

You collected 215 gold pieces.

Inventory:

Hand Weapons
 a - a +0 flail
 g - a +2 mace of protection
 h - the +3 falchion of Somewhere Else (weapon) {freeze, rC+ Int-5 Dex+4}
   (You found it on level 4 of the Dungeon)

   Int:       It affects your intelligence (-5).
   Dex:       It affects your dexterity (+4).
   rC:        It protects you from cold.
Missiles
 p - a throwing net (quivered)
Armour
 b - a +1 scale mail (worn)
 c - a +0 buckler (worn)
Jewellery
 i - a ring of willpower (left hand)
 q - a +6 ring of dexterity
 r - a ring of positive energy
 t - a ring of wizardry
Scrolls
 e - a scroll of identify
 f - a scroll of magic mapping
 k - 5 scrolls of teleportation
 m - a scroll of enchant weapon
 n - 2 scrolls of amnesia
 u - a scroll of blinking {unknown}
Potions
 d - 2 potions of might
 j - 2 potions of curing
 l - 2 potions of attraction
 o - a potion of mutation {unknown}
 s - 2 potions of heal wounds


   Skills:
 + Level 5.9 Fighting
 + Level 5.2 Long Blades
 + Level 5.5 Maces & Flails
 + Level 7.2 Armour
 + Level 3.1 Dodging
 + Level 0.7 Stealth
 + Level 6.2 Shields


You had 8 spell levels left.
You didn't know any spells.
Your spell library contained the following spells:

 Spells                   Type           Power      Damage    Failure   Level
 Freeze                   Ice            0%         1d3       87%         1
 Lesser Beckoning         Tloc           0%         N/A       95%         2
 Frozen Ramparts          Ice            0%         1d1       99%         3
 Gell's Gravitas          Tloc           0%         N/A       99%         3
 Hailstorm                Conj/Ice       0%         3d3       99%         3
 Ozocubu's Armour         Ice            0%         N/A       99%         3
 Teleport Other           Tloc           0%         N/A       99%         3
 Anguish                  Hex/Necr       0%         N/A       100%        4
 Petrify                  Tmut/Erth      0%         N/A       100%        4
 Metabolic Englaciation   Hex/Ice        0%         N/A       100%        5
 Ozocubu's Refrigeration  Ice            0%         4d7       100%        7
 Death Channel            Necr           Unusable   N/A       N/A         6
 Statue Form              Tmut/Erth      Unusable   N/A       N/A         6
 Malign Gateway           Summ/Tloc      Unusable   N/A       N/A         7

Dungeon Overview and Level Annotations

Branches:
Dungeon (6/15)             Temple (1/1) D:4

Altars:
Ashenzari
Cheibriados
Dithmenos
Elyvilon
Fedhas
Gozag
Hepliaklqana
Kikubaaqudgha
Nemelex Xobeh
Okawaru
Qazlal
Ru
Sif Muna
Trog
Uskayaw
Vehumet
Wu Jian
Xom
Yredelemnul
Zin
The Shining One


Innate Abilities, Weirdness & Mutations

You are immune to sickness and miasma.
Your stone body is resilient. (AC +6)
You are immune to poison.
You resist negative energy. (rN+)
You are resistant to electric shocks. (rElec)
You are resistant to unholy torment.
You are immune to petrification.


Message History

The orc warrior is almost dead.
The orc warrior hits you with a +0 flail.
You slash the orc warrior! You freeze the orc warrior.
You kill the orc warrior!
Okawaru accepts your kill.
The orc priest calls down the wrath of Beogh upon you.
Beogh smites you!
You closely miss something.
You hear some strange, mumbled words.
A magic dart appears from out of thin air!
The magic dart hits you.
You miss something. Something hits you but does no damage.
You hit something. You freeze something. Something hits you.
You barely miss something. Something hits you but does no damage.
You closely miss something. Something hits you but does no damage.
You hit something. You freeze something. Something hits you but does no damage.
You completely miss something. You block something's attack.
You closely miss something. Something hits you but does no damage.
The orc priest looks braver for a moment.
You closely miss something. Something hits you but does no damage.
The orc priest looks braver for a moment.
You miss something.
Something hits you but does no damage. x2
You hit something but do no damage. Something hits you but does no damage.
You barely miss something. Something hits you but does no damage.
You completely miss something.
You hear some strange, mumbled words.
A puff of flame appears from out of thin air!
The puff of flame misses you.
You miss something. Something hits you but does no damage.
The orc priest calls down the wrath of Beogh upon you.
Beogh smites you!
* * * LOW HITPOINT WARNING * * *
You hit something. You freeze something.
You hear some strange, mumbled words.
A puff of flame appears from out of thin air!
The puff of flame hits you.
* * * LOW HITPOINT WARNING * * *
The orc priest mumbles some strange prayers to Beogh against you.
Beogh smites you!
You die...

## ############ .#
#..........#
.######.....# #.#
............# #.#
#######.....# #.#
#.....# #.# ##
#....### #.# ..
#......# #.# ##
#....#.# #@#
##.#....###{#
..........oo# #
###.###..##..###....
#..............# #
#.........#.#### #
......<...###.. #
.#..##...## #.#
#####.... #.##. .#


You could see an orc priest and an orc.

Vanquished Creatures
  Prince Ribbit (D:5)
  Sigmund (D:6)
  Eustachio (D:5)
  A steam dragon (D:5)
  Menkaure (D:5)
  An orc warrior (D:6)
  A sky beast (D:6)
  A black bear (D:5)
  An ogre (D:5)
  2 centaurs
  A phantom (D:4)
  A kobold brigand (D:6)
  3 bullfrogs
  4 scorpions
  A centaur skeleton (D:3)
  Crazy Yiuf (D:2)
  An orc priest (D:4)
  4 hounds
  Jessica (D:2)
  2 iguanas (D:4)
  An orc wizard (D:4)
  A hound zombie (D:3)
  3 hound skeletons (D:3)
  Robin (D:4)
  8 adders
  4 gnolls (D:4)
  A howler monkey skeleton (D:3)
  A shadow imp (D:5)
  2 white imps (D:5)
  An adder zombie (D:3)
  3 adder skeletons (D:3)
  2 worms
  A dart slug (D:1)
  14 orcs
  7 ball pythons
  5 bats
  10 endoplasms
  A giant cockroach (D:3)
  9 goblins
  13 hobgoblins
  9 jackals
  10 kobolds
  8 quokkas
  5 ball python skeletons (D:3)
  3 frilled lizards
  A quokka skeleton (D:3)
  5 rats
159 creatures vanquished.

Notes
Turn   | Place    | Note
-------+----------+-------------------------------------------
     0 | D:1      | lonewolfV2 the Gargoyle Fighter began the quest for the
                  | Orb.
     0 | D:1      | Reached XP level 1. HP: 14/14 MP: 1/1
    95 | D:1      | Reached XP level 2. HP: 18/19 MP: 2/2
   233 | D:1      | Found a faded altar of an unknown god.
   432 | D:1      | Reached XP level 3. HP: 23/23 MP: 3/3
   625 | D:2      | Noticed Jessica
   642 | D:2      | Killed Jessica
   643 | D:2      | Reached XP level 4. HP: 25/29 MP: 4/4
  1161 | D:2      | Found a runed translucent door.
  1162 | D:2      | Noticed Crazy Yiuf
  1579 | D:2      | Reached skill level 1 in Dodging
  1579 | D:2      | Reached XP level 5. HP: 32/33 MP: 5/5
  1675 | D:2      | Killed Crazy Yiuf
  1676 | D:2      | Reached skill level 4 in Armour
  1779 | D:3      | Noticed a centaur
  1803 | D:3      | Killed a centaur
  1804 | D:3      | Reached XP level 6. HP: 25/38 MP: 6/6
  2131 | D:3      | Noticed a water moccasin
  2476 | D:4      | Found a staircase to the Ecumenical Temple.
  2596 | Temple   | Entered the Ecumenical Temple
  2674 | Temple   | Became a worshipper of Warmaster Okawaru
  2814 | D:4      | Reached skill level 5 in Maces & Flails
  2822 | D:4      | Reached XP level 7. HP: 36/44 MP: 7/7
  2950 | D:4      | Identified the +3 falchion of Somewhere Else {freeze, rC+
                  | Int-5 Dex+4}
  3066 | D:4      | Noticed Robin
  3092 | D:4      | Killed Robin
  3257 | D:4      | Reached skill level 1 in Long Blades
  3392 | D:4      | Reached skill level 5 in Armour
  3782 | D:4      | Found an ancient bone altar of Kikubaaqudgha.
  3783 | D:4      | Found a blossoming altar of Fedhas.
  3988 | D:5      | Entered Level 5 of the Dungeon
  4036 | D:5      | Reached XP level 8. HP: 48/48 MP: 8/8
  4042 | D:5      | Reached * piety under Okawaru
  4304 | D:5      | Got the Omnibus of Unholy Space
  4325 | D:5      | Noticed Prince Ribbit
  4350 | D:5      | Killed Prince Ribbit
  4351 | D:5      | Reached skill level 5 in Fighting
  4351 | D:5      | Reached skill level 5 in Shields
  4717 | D:5      | Noticed Eustachio
  4741 | D:5      | Killed Eustachio
  4741 | D:5      | Reached ** piety under Okawaru
  4742 | D:5      | Reached skill level 6 in Armour
  4836 | D:5      | Noticed Menkaure
  4844 | D:5      | Reached XP level 9. HP: 51/54 MP: 9/9
  4854 | D:5      | Killed Menkaure
  5135 | D:6      | Noticed Sigmund
  5140 | D:6      | Killed Sigmund
  5167 | D:6      | Reached skill level 5 in Long Blades
  5344 | D:6      | Reached skill level 7 in Armour
  5585 | D:6      | Killed from afar by an orc priest

Illustrated notes

Levels and vault maps discovered:
D:1:      co_arrival_square_in_a_square_in_a_square, layout_rooms,
          shapermc_ecumenical_altar_mp_urbaneastern, minmay_misc_feat_columns
D:2:      layout_loops_corners, minmay_domino_2, uniq_crazy_yiuf_cottage,
          uniq_jessica
D:3:      layout_loops_ring, serial_undead, serial_undead_f, serial_undead_b,
          serial_undead_c, serial_undead_c, serial_undead_c, serial_undead_f,
          serial_undead_b, serial_undead_d, lightli_corner_chamber
D:4:      layout_cave_pods, grunt_temple_overflow_growth_and_decay,
          minmay_temple_entry_mini_moons, uniq_robin
D:5:      layout_rooms, uniq_menkaure, uniq_prince_ribbit1, uniq_eustachio
D:6:      layout_loops_ring, uniq_blork_the_orc, uniq_sigmund
Temple:   nicolae_temple_bog_church

Skill      XL: |  1  2  3  4  5  6  7  8  9 |
---------------+----------------------------+-----
Maces & Flails | 3 4 5 |  5.5
Dodging        | 1 2 3 |  3.1
Armour         | 4 5 6 7 |  7.2
Fighting       | 4 5 |  5.9
Shields        | 4 5 6 |  6.2
Long Blades    | 2 4 5 |  5.2
Stealth        | |  0.7

Action                     |  1- 3 |  4- 6 |  7- 9 || total
---------------------------+-------+-------+-------++-------
  Melee: Flail             |    13 |       |       ||    13
         Mace              |    70 |   274 |    31 ||   375
         Falchion          |       |       |   319 ||   319
  Throw: Throwing net      |       |     1 |       ||     1
    Use: Scroll            |     1 |     6 |     2 ||     9
         Potion            |       |     1 |     4 ||     5
 Armour: Scale mail        |    74 |   177 |   226 ||   477
  Dodge: Dodged            |    72 |   124 |   184 ||   380
  Block: Buckler           |    30 |    82 |   127 ||   239
